 Dungeon Crawl Stone Soup version 0.25-a0-942-g87a53962fc (webtiles) character file.

Game seed: 3939083030207315232, levelgen mode: classic

269 Amnesiac the Conjurer (level 6, -5/32 HPs)
             Began as a Deep Elf Wizard on May 7, 2020.
             Was a Follower of Dithmenos.
             Slain by a worker ant (8 damage)
             ... on level 4 of the Dungeon.
             The game lasted 00:06:37 (3558 turns).

Amnesiac the Conjurer (Deep Elf Wizard)             Turns: 3558, Time: 00:06:37

Health: -5/32      AC:  2    Str:  4    XL:     6   Next: 1%
Magic:  7/15       EV: 11    Int: 25    God:    Dithmenos [*.....]
Gold:   146        SH:  0    Dex: 17    Spells: 4/15 levels left

rFire    . . .     SeeInvis .   e - +0 long sword
rCold    . . .     Gourm    .   (no shield)
rNeg     . . .     Faith    .   a - +0 robe
rPois    .         Spirit   .   b - +0 hat
rElec    .         Reflect  .   (no cloak)
rCorr    .         Harm     +   (no gloves)
MR       .....                  (no boots)
Stlth    +++.......             r - amulet of harm
HPRegen  0.10/turn              i - -2 ring of evasion (curse)
MPRegen  0.14/turn              n - +4 ring of dexterity

@: lethally poisoned (-5 -> -18), wreathed by umbra
A: no striking features
a: Renounce Religion


You were on level 4 of the Dungeon.
You worshipped Dithmenos.
Dithmenos was aware of your devotion.
You were not hungry.

You visited 1 branch of the dungeon, and saw 4 of its levels.
You also visited: Sewer.

You collected 146 gold pieces.

Inventory:

Hand Weapons
 e - a +0 long sword (weapon)
Armour
 a - a +0 robe (worn)
 b - a +0 hat (worn)
Jewellery
 i - a cursed -2 ring of evasion (left hand)
 n - a +4 ring of dexterity (right hand)
 r - an amulet of harm (around neck)
 u - an uncursed ring of magical power {unknown}
Scrolls
 c - 2 scrolls of blinking {!r, unknown}
 f - a scroll of fear {!r, unknown}
 g - a scroll of fog {!r, unknown}
 h - 2 scrolls of noise {!r, unknown}
 j - 2 scrolls of enchant weapon {!r}
 k - a scroll of enchant armour {!r}
 m - a scroll of teleportation {!r}
 v - a scroll of identify {!r}
Potions
 l - 3 potions of curing {!q}
 o - 2 potions of flight {!q}
 p - a potion of ambrosia {!q}
 q - a potion of mutation {!q}
Comestibles
 d - 9 rations
 s - 2 chunks of flesh


   Skills:
 - Level 2.4 Dodging
 - Level 3.0 Stealth
 + Level 5.3 Spellcasting
 * Level 6.0 Conjurations
 - Level 1.1 Summonings
 - Level 1.1 Translocations


You had 4 spell levels left.
You knew the following spells:

 Your Spells              Type           Power        Failure   Level  Hunger
a - Magic Dart            Conj           ####         1%          1    None
b - Call Imp              Summ           ##......     8%          2    None
e - Mephitic Cloud        Conj/Pois/Air  ###.....     11%         3    #......
s - Conjure Flame         Conj/Fire      ###.....     7%          3    #......
v - Blink                 Tloc           N/A          8%          2    None

Your spell library contained the following spells:

 Spells                   Type           Power        Failure   Level  Hunger
 Slow                     Hex            #.......     12%         2    None


Dungeon Overview and Level Annotations

Branches:
Dungeon (4/15)              Sewer (visited)
 Temple: D:4-7

Altars:
Dithmenos
Elyvilon
Kikubaaqudgha
Qazlal
Uskayaw
The Shining One


Message History

Aiming: Magic Dart (safe; 1% risk of failure)
Press: ? - help, Shift-Dir - straight line, f/p - worker ant
Aim: a worker ant (moderately wounded, confused, umbra)
The magic dart hits the worker ant.
The worker ant is severely wounded.
The worker ant barely misses you.
You hit the worker ant but do no damage.
The worker ant is severely wounded.
The worker ant seems less confused.
The worker ant misses you.
Casting: Magic Dart (safe; 1% risk of failure)
Confirm with . or Enter, or press ? or * to list all spells.
Aiming: Magic Dart (safe; 1% risk of failure)
Press: ? - help, Shift-Dir - straight line, f/p - worker ant
Aim: a worker ant (severely wounded, umbra)
The magic dart hits the worker ant but does no damage.
The worker ant is severely wounded.
The worker ant barely misses you. The dart slug launches a dart at you.
The slug dart hits you. The worker ant bites you.
You closely miss the worker ant.
The worker ant is severely wounded.
The worker ant barely misses you.
A worker ant comes into view.
The dart slug launches a dart at you. The slug dart hits you.
Casting: Magic Dart (safe; 1% risk of failure)
Confirm with . or Enter, or press ? or * to list all spells.
Aiming: Magic Dart (safe; 1% risk of failure)
Press: ? - help, Shift-Dir - straight line, f/p - worker ant
Aim: a worker ant (severely wounded, umbra)
The magic dart hits the worker ant but does no damage.
The worker ant is severely wounded.
The worker ant twitches its antennae in your direction.
The worker ant barely misses you. The dart slug launches a dart at you.
The slug dart misses you.
You barely miss the worker ant.
The worker ant is severely wounded.
The worker ant closely misses you.
You riposte.
You closely miss the worker ant.
The worker ant is severely wounded.
The worker ant barely misses you.
You riposte.
You hit the worker ant.
The worker ant is severely wounded.
The dart slug bites you.
Casting: Magic Dart (safe; 1% risk of failure)
Confirm with . or Enter, or press ? or * to list all spells.
Aiming: Magic Dart (safe; 1% risk of failure)
Press: ? - help, Shift-Dir - straight line, f/p - worker ant
Aim: a worker ant (severely wounded, umbra)
The magic dart hits the worker ant.
The worker ant is almost dead.
The worker ant bites you.
* * * LOW HITPOINT WARNING * * *
You are poisoned.
The worker ant poisons you!
You hit the worker ant but do no damage.
The worker ant is almost dead.
You feel sick. The worker ant bites you.
* * * LOW HITPOINT WARNING * * *
You are more poisoned.
The worker ant poisons you! The dart slug bites you.
* * * LOW HITPOINT WARNING * * *
The worker ant bites you!
You die...

.## [.....# ....
..# ..... ..###
...%) ...# ......
..# ......###(#
.......#.<#######
......†a@(......#
........w...###..#
!.†..a#..........
.........#...####
##......##...#(.#.
#..#..###._.#(.#.
#....# #.$.#..#.
..[.. ....####.
... .......


You could see 2 worker ants, 2 dancing weapons and a dart slug.

Vanquished Creatures
  A big kobold (Sewer)
  A howler monkey (D:4)
  A hound (D:4)
  3 adders
  2 river rats (Sewer)
  2 worms
  5 dart slugs
  3 leopard geckos
  An orc (D:3)
  5 bats
  3 giant cockroaches
  4 goblins
  5 hobgoblins
  10 jackals
  9 kobolds
  A quokka (D:4)
  A ball python (D:3)
  4 frilled lizards
  3 rats
64 creatures vanquished.

Notes
Turn   | Place    | Note
-------+----------+-------------------------------------------
     0 | D:1      | Amnesiac the Deep Elf Wizard began the quest for the Orb.
     0 | D:1      | Reached XP level 1. HP: 10/10 MP: 7/7
    81 | D:1      | Reached XP level 2. HP: 15/15 MP: 2/9
    85 | D:1      | Learned a level 2 spell: Blink
    88 | D:1      | Learned a level 2 spell: Call Imp
    93 | D:2      | Reached skill level 2 in Conjurations
   281 | D:2      | Found a shadowy altar of Dithmenos.
   287 | D:2      | Became a worshipper of Dithmenos the Shadowed
   864 | D:1      | Reached XP level 3. HP: 19/19 MP: 3/11
   967 | D:1      | Reached skill level 3 in Conjurations
  1396 | D:2      | Found a stormy altar of Qazlal.
  1677 | D:2      | Learned a level 3 spell: Conjure Flame
  1681 | D:2      | Learned a level 3 spell: Mephitic Cloud
  1705 | D:2      | Found a white marble altar of Elyvilon.
  1949 | D:2      | Found a glowing golden altar of the Shining One.
  2393 | D:3      | Found a glowing drain.
  2402 | D:3      | Reached skill level 4 in Conjurations
  2402 | D:3      | Reached XP level 4. HP: 24/24 MP: 5/12
  2424 | Sewer    | Entered a sewer
  2620 | Sewer    | Noticed a big kobold
  2650 | Sewer    | Killed a big kobold
  2650 | Sewer    | Reached skill level 5 in Conjurations
  2650 | Sewer    | Reached XP level 5. HP: 18/28 MP: 8/14
  2780 | Sewer    | Found a white marble altar of Elyvilon.
  2900 | D:3      | Found an ancient bone altar of Kikubaaqudgha.
  3000 | D:3      | Found a faded altar of an unknown god.
  3002 | D:3      | Reached * piety under Dithmenos
  3402 | D:4      | Found a hide-covered altar of Uskayaw.
  3402 | D:4      | Noticed a +0 hand axe
  3402 | D:4      | Noticed a +0 dagger
  3410 | D:4      | Reached skill level 5 in Spellcasting
  3427 | D:4      | Reached skill level 6 in Conjurations
  3427 | D:4      | Reached XP level 6. HP: 29/32 MP: 0/15
  3558 | D:4      | Slain by a worker ant

Levels and vault maps discovered:
D:1:      minmay_arrival_up_and_down, layout_basic, chequers_arboretum
D:2:      layout_loops_ring, elyvilon_altar_1, lemuel_doored_altar,
          nicolae_overflow_crystal_walls, nicolae_qazlal_general_emergency
D:3:      layout_loops_ring, nicolae_overflow_hidden_temple,
          portal_sewer_entry_a, chequers_ecumenical_altar_simple
D:4:      layout_cave_pools, dancing_weapons_uskayaw, first_ration, st_stairs_1

Skill      XL: |  1  2  3  4  5 |
---------------+----------------+-----
Conjurations   | 2 4 5 6 |  6.0
Stealth        | 3 |  3.0
Spellcasting   | 5 |  5.3
Dodging        | |  2.4
Summonings     | |  1.1
Translocations | |  1.1

Action                   |  1- 3 |  4- 6 || total
-------------------------+-------+-------++-------
Melee: Unarmed           |     3 |       ||     3
       Long sword        |     4 |    14 ||    18
 Cast: Magic Dart        |    94 |    77 ||   171
       Mephitic Cloud    |       |     2 ||     2
  Use: Scroll            |     5 |     1 ||     6
       Potion            |       |     3 ||     3
 Stab: Confused          |       |     1 ||     1
  Eat: Chunk             |     4 |     4 ||     8
Armor: Robe              |     1 |     6 ||     7
Dodge: Dodged            |    11 |    28 ||    39
       Rpst.: Long sword |     2 |     6 ||     8

Table legend:
 A = Non-vault XP
 B = Vault XP
 C = Vault XP percentage of total XP
 D = Non-vault monster count
 E = Vault monster count
 F = Vault count percentage of total count
                 A         B        C        D         E       F
            +---------+---------+-------+---------+---------+-------
      Total |     248 |     137 |  35.6 |      56 |       8 |  12.5
            +---------+---------+-------+---------+---------+-------
        D:1 |      43 |       0 |   0.0 |      19 |       0 |   0.0
        D:2 |      45 |       0 |   0.0 |      15 |       0 |   0.0
        D:3 |      45 |       3 |   6.2 |      18 |       2 |  10.0
        D:4 |     115 |       0 |   0.0 |       4 |       0 |   0.0
      Sewer |       0 |     134 | 100.0 |       0 |       6 | 100.0
            +---------+---------+-------+---------+---------+-------
